 Dungeon Crawl Stone Soup version 0.22.1-1-ga44c0e56f4 (webtiles) character file.

350 lis82 the Magician (level 6, -4/48 HPs)
             Began as a Demigod Wizard on Sept 21, 2018.
             Slain by a phantom (10 damage)
             ... on level 4 of the Dungeon.
             The game lasted 00:08:15 (2827 turns).

lis82 the Magician (Demigod Wizard)                 Turns: 2827, Time: 00:08:15

Health: -4/48      AC:  5    Str: 12    XL:     6   Next: 11%
Magic:  5/7        EV: 12    Int: 24    God:
Gold:   255        SH:  0    Dex: 17    Spells: 5/14 levels left

rFire    . . .     SeeInvis +   B - +2 war axe of Slime {drain, rN++ MP-9 SInv} (curse)
rCold    + . .     Gourm    .   (no shield)
rNeg     + + .     Faith    .   a - +0 robe
rPois    .         Spirit   .   q - +0 helmet (curse)
rElec    .         Reflect  .   (no cloak)
rCorr    .         Harm     .   x - +0 pair of gloves
MR       .....                  v - +0 pair of boots
Stlth    ++........             (no amulet)
HPRegen  0.16/turn              k - +3 ring of dexterity
MPRegen  0.10/turn              u - ring of protection from cold

@: lethally poisoned (-4 -> -5), very slightly contaminated
A: high mp 1
a: no special abilities


You were on level 4 of the Dungeon.
You were not hungry.

You visited 1 branch of the dungeon, and saw 4 of its levels.

You collected 255 gold pieces.

Inventory:

Hand Weapons
 m - a +0 spear
 s - a +1 mace of protection
 w - a +2 falchion of flaming
 B - the cursed +2 war axe of Slime (weapon) {drain, rN++ MP-9 SInv}
   (You found it on level 4 of the Dungeon)

   A truly terrible weapon, it drains the life of those it strikes.
   It greatly protects you from negative energy.
   It affects your magic capacity (-9).
   It lets you see invisible.
   It has a curse placed upon it.
Armour
 a - a +0 robe (worn)
 q - a cursed +0 helmet (worn)
 v - a +0 pair of boots (worn)
 x - a +0 pair of gloves (worn)
Jewellery
 k - a +3 ring of dexterity (left hand)
 u - a ring of protection from cold (right hand)
 A - an uncursed ring of protection from cold
Scrolls
 b - 2 scrolls of enchant armour {unknown}
 c - 6 scrolls of identify {unknown}
 e - 2 scrolls of teleportation {unknown}
 i - a scroll of random uselessness {unknown}
 o - a scroll of blinking {unknown}
 r - a scroll of remove curse {unknown}
 y - a scroll of fog {unknown}
Potions
 f - a potion of brilliance {unknown}
 g - 3 potions of heal wounds {unknown}
 h - 2 potions of mutation {unknown}
 j - 3 potions of lignification {unknown}
 l - a potion of agility {unknown}
 n - a potion of might {unknown}
 p - a potion of invisibility {unknown}
 t - a potion of haste {unknown}
 z - a potion of curing {unknown}
 D - a potion of ambrosia {unknown}
Comestibles
 d - 6 rations
 C - 2 chunks of flesh


   Skills:
 + Level 2.2 Fighting
 - Level 1.7 Dodging
 - Level 1.7 Stealth
 - Level 4.7 Spellcasting
 - Level 3.1 Conjurations
   Level 0.8 Summonings
 - Level 0.8 Translocations


You had 5 spell levels left.
You knew the following spells:

 Your Spells              Type           Power        Failure   Level  Hunger
a - Magic Dart            Conj           ###.         2%          1    None
b - Blink                 Tloc           N/A          10%         2    None
c - Conjure Flame         Conj/Fire      ##......     14%         3    ##.....
d - Mephitic Cloud        Conj/Pois/Air  ##......     17%         3    ##.....

Your spell library contained the following spells:

 Spells                   Type           Power        Failure   Level  Hunger
 Call Imp                 Summ           #.......     10%         2    None
 Slow                     Hex            #.......     14%         2    None


Dungeon Overview and Level Annotations

Branches:
Dungeon (4/15)
 Temple: D:4-7


Innate Abilities, Weirdness & Mutations

You have an increased reservoir of magic. (+10% MP)


Message History

You hit the worker ant but do no damage.
You drain the worker ant!
The worker ant is severely wounded.
You feel sick. The worker ant barely misses you. The worker ant bites you.
You slash the phantom!
The phantom is heavily damaged.
You hit the worker ant.
You feel sick. The worker ant barely misses you.
The phantom hits you but does no damage.
The worker ant closely misses you.
You hit the worker ant.
You kill the worker ant!
Your Fighting skill increases to level 2!
You hit the phantom. The phantom hits you.
* * * LOW HITPOINT WARNING * * *
The phantom hits you.
* * * LOW HITPOINT WARNING * * *
You slash the phantom!
The phantom is severely damaged.
You feel sick. The phantom hits you!
You die...

#......### #.## #.)......# #..#
#........##### ##.#
.............### # #.#
#...a.##.?..## #.# #.#
##.#...##.##..###.# #.#
#..#....#.........# #.# #.
#.#.....#.........###.### #.
#)..##...†@........##...##
#.###..####.##W...#..........##
#......##.....................#
#.....###...†.)..#>...........#
#)....# #...†)...#............#
#....## ####.)#####..........##
#...(# ####)## ##...#....##
#....####....# ###.#...##
###....†..#### #.##....


You could see a phantom.

Vanquished Creatures
  A centaur skeleton (D:4)
  2 iguanas (D:4)
  A bullfrog skeleton (D:4)
  3 worker ants (D:4)
  A hound skeleton (D:4)
  Robin (D:4)
  9 adders
  2 worms
  2 dart slugs
  A leopard gecko (D:2)
  2 orcs
  A ball python (D:4)
  5 giant cockroaches
  7 hobgoblins
  3 jackals (D:3)
  A quokka (D:4)
  A bat (D:1)
  2 frilled lizards
  11 goblins
  6 kobolds
  9 rats
71 creatures vanquished.

Notes
Turn   | Place    | Note
-------+----------+-------------------------------------------
     0 | D:1      | lis82 the Demigod Wizard began the quest for the Orb.
     0 | D:1      | Reached XP level 1. HP: 14/14 MP: 6/6
    29 | D:1      | Reached skill level 1 in Conjurations
   694 | D:1      | Reached XP level 2. HP: 8/20 MP: 5/8
  1081 | D:2      | Learned a level 2 spell: Blink
  1149 | D:2      | Found a radiant altar of Vehumet.
  1210 | D:2      | Reached XP level 3. HP: 22/26 MP: 1/9
  1406 | D:2      | Reached skill level 3 in Spellcasting
  1547 | D:2      | Reached XP level 4. HP: 33/33 MP: 4/11
  1552 | D:2      | Learned a level 3 spell: Conjure Flame
  1556 | D:2      | Learned a level 3 spell: Mephitic Cloud
  1954 | D:3      | Found a hide-covered altar of Uskayaw.
  2068 | D:3      | Found a sacrificial altar of Ru.
  2113 | D:3      | Found a shadowy altar of Dithmenos.
  2588 | D:4      | Reached skill level 4 in Spellcasting
  2588 | D:4      | Reached XP level 5. HP: 38/38 MP: 2/14
  2651 | D:4      | Got a steaming war axe
  2652 | D:4      | Identified the cursed +2 war axe of Slime {drain, rN++ MP-9
                  | SInv} (You found it on level 4 of the Dungeon)
  2702 | D:4      | Noticed Robin
  2731 | D:4      | Killed Robin
  2732 | D:4      | Reached skill level 1 in Fighting
  2786 | D:4      | Reached XP level 6. HP: 41/48 MP: 7/16
  2827 | D:4      | Slain by a phantom

Skill      XL: |  1  2  3  4  5  6 |
---------------+-------------------+-----
Conjurations   | 2 3 |  3.1
Spellcasting   | 3 4 |  4.7
Fighting       | 1 2 |  2.2
Dodging        | |  1.7
Stealth        | |  1.7
Summonings     | |  0.8
Translocations | |  0.8

Action                   |  1- 3 |  4- 6 || total
-------------------------+-------+-------++-------
Melee: Mace              |     7 |     1 ||     8
       Unarmed           |     4 |       ||     4
       Dagger            |     3 |       ||     3
       Spear             |     2 |    17 ||    19
       Falchion          |       |    18 ||    18
       War axe           |       |    37 ||    37
 Cast: Magic Dart        |    77 |    42 ||   119
       Mephitic Cloud    |       |     4 ||     4
       Conjure Flame     |       |     3 ||     3
 Stab: Sleeping          |     1 |     4 ||     5
       Confused          |       |     2 ||     2
       Distracted        |       |     2 ||     2
  Eat: Chunk             |     2 |     4 ||     6
Armor: Robe              |     5 |    13 ||    18
Dodge: Dodged            |    21 |    46 ||    67
       Rpst.: Falchion   |       |     2 ||     2
